 Dungeon Crawl Stone Soup version 0.28-a0-773-g130ae17fe5 (webtiles) character file.

Game seed: 7003047279710593136

97 Avanven the Covered (level 4, -1/34 HPs)
             Began as a Gnoll Wanderer on Nov 2, 2021.
             Slain by a water moccasin skeleton (4 damage)
             ... on level 4 of the Dungeon.
             The game lasted 00:06:44 (3591 turns).

Avanven the Covered (Gnoll Wanderer)                Turns: 3591, Time: 00:06:45

Health: -1/34      AC:  4    Str: 14    XL:     4   Next: 68%
Magic:  8/8        EV: 11    Int: 10    God:
Gold:   66         SH:  4    Dex: 11    Spells: 5/9 levels left

rFire   . . .      SeeInvis .   a - +0 club
rCold   . . .      Faith    .   j - +0 buckler
rNeg    . . .      Spirit   .   b - +0 robe
rPois   .          Reflect  .   (no helmet)
rElec   .          Harm     .   (no cloak)
rCorr   .          Rampage  .   d - +1 pair of gloves
Will    .....                   (no boots)
Stlth   ++........              (no amulet)
HPRegen 0.11/turn               (no ring)
MPRegen 0.11/turn               (no ring)

@: attractive
A: fangs 1, strong nose, distributed training
a: no special abilities


You were on level 4 of the Dungeon.
You visited 1 branch of the dungeon, and saw 4 of its levels.

You collected 66 gold pieces.

Inventory:

Hand Weapons
 a - a +0 club (weapon)
 i - a +2 dagger of venom
Armour
 b - a +0 robe (worn)
 d - a +1 pair of gloves (worn)
 j - a +0 buckler (worn)
Scrolls
 k - 2 scrolls of fog {unknown}
 l - a scroll of identify {unknown}
Potions
 e - a potion of flight {unknown}
 f - a potion of attraction
 g - a potion of resistance {unknown}
 h - 2 potions of mutation {unknown}


   Skills:
 + Level 2.8 Fighting
 + Level 1.2 Short Blades
 + Level 1.2 Long Blades
 + Level 1.2 Axes
 + Level 4.7 Maces & Flails
 + Level 1.2 Polearms
 + Level 1.2 Staves
 + Level 1.2 Slings
 + Level 1.2 Bows
 + Level 1.2 Crossbows
 + Level 1.2 Throwing
 + Level 4.7 Armour
 + Level 1.2 Dodging
 + Level 2.6 Stealth
 + Level 2.8 Shields
 + Level 1.2 Unarmed Combat
 + Level 3.0 Spellcasting
 + Level 1.0 Conjurations
 + Level 1.0 Hexes
 + Level 1.0 Summonings
 + Level 3.9 Necromancy
 + Level 1.0 Translocations
 + Level 1.0 Transmutations
 + Level 1.0 Fire Magic
 + Level 1.0 Ice Magic
 + Level 1.0 Air Magic
 + Level 1.0 Earth Magic
 + Level 1.0 Poison Magic
 + Level 1.3 Invocations
 + Level 1.2 Evocations


You had 5 spell levels left.
You knew the following spells:

 Your Spells              Type           Power      Damage    Failure   Level
a - Pain                  Necr           36%        1d5       7%          1
b - Vampiric Draining     Necr           9%         2d6       21%         3

Your spell library contained the following spells:

 Spells                   Type           Power      Damage    Failure   Level
 Animate Skeleton         Necr           18%        N/A       7%          1
 Corpse Rot               Necr/Air       12%        N/A       19%         2
 Apportation              Tloc           6%         N/A       22%         1
 Poisonous Vapours        Pois/Air       6%         N/A       32%         2
 Animate Dead             Necr           4%         N/A       54%         4
 Agony                    Necr           9%         N/A       88%         5
 Alistair's Intoxication  Tmut/Pois      2%         N/A       99%         5
 Invisibility             Hex            1%         N/A       100%        6


Dungeon Overview and Level Annotations

Branches:
Dungeon (4/15)
 Temple: D:4-7

Altars:

Shops:
D:1 (

Annotations:
D:2 Sigmund


Innate Abilities, Weirdness & Mutations

You have very sharp teeth.
Your uncanny sense of smell can sniff out nearby items.
Your experience applies equally to all skills.


Message History

You are too injured to fight recklessly!
You are too injured to fight recklessly!
You barely miss the ufetubus.
The ufetubus is almost dead.
The ufetubus closely misses you. The ufetubus hits you.
The orc completely misses you. The ufetubus barely misses you.
You block the ufetubus's attack.
You miss the ufetubus.
The ufetubus is almost dead.
The water moccasin skeleton misses you. The ufetubus hits you.
The ufetubus barely misses you. The orc closely misses you.
The water moccasin skeleton completely misses you.
You miss the ufetubus.
The ufetubus is almost dead.
The ufetubus barely misses you. You block the ufetubus's attack.
The orc hits you with a +0 whip. The ufetubus closely misses you.
The ufetubus barely misses you. The water moccasin skeleton misses you.
You barely miss the ufetubus.
The ufetubus is almost dead.
The ufetubus closely misses you. You block the ufetubus's attack.
You block the orc's attack.
The water moccasin skeleton barely misses you.
The ufetubus hits you. The ufetubus closely misses you.
The orc hits you with a +0 whip.
* * * LOW HITPOINT WARNING * * *
You feel better. The water moccasin skeleton bites you.
* * * LOW HITPOINT WARNING * * *
The ufetubus hits you.
* * * LOW HITPOINT WARNING * * *
The ufetubus misses you.
The water moccasin skeleton barely misses you.
The orc completely misses you.
It was a potion of attraction.
You feel attractive to monsters. The ufetubus hits you.
* * * LOW HITPOINT WARNING * * *
The ufetubus barely misses you. The ufetubus hits you.
* * * LOW HITPOINT WARNING * * *
The ufetubus completely misses you. The water moccasin skeleton bites you.
You die...

$ # #.. ∆#( .##..
.. ##)# .... ....
#...###..##....
#........#....
#..........#
.###(...Zo...#
........@5.### #
.............##.#
####............#
#...###...#...#
##...#....#..##.
##.....<.......
###.........##
#####..#### .## ∆


You could see an orc, an ufetubus and a water moccasin skeleton.

Vanquished Creatures
  Natasha (D:3)
  A hound skeleton (D:4)
  An adder (D:3)
  A dart slug (D:3)
  6 endoplasms
  2 giant cockroaches (D:3)
  7 goblins
  3 hobgoblins
  3 jackals (D:2)
  4 kobolds
  3 quokkas
  2 ball pythons
  2 bats (D:1)
  4 frilled lizards
  6 rats
46 creatures vanquished.

Vanquished Creatures (others)
  2 fungi (D:4)
  A plant (D:4)
3 creatures vanquished.

Grand Total: 49 creatures vanquished

Notes
Turn   | Place    | Note
-------+----------+-------------------------------------------
     0 | D:1      | Avanven the Gnoll Wanderer began the quest for the Orb.
     0 | D:1      | Avanven set off with the following items: a +0 club, a +0
                  | robe, a potion of curing; and the following spells
                  | available to memorise: Animate Skeleton, Pain, Corpse Rot,
                  | Vampiric Draining, Poisonous Vapours, Animate Dead, Agony
     0 | D:1      | Reached XP level 1. HP: 17/17 MP: 4/4
     2 | D:1      | Learned a level 1 spell: Pain
   745 | D:1      | Reached XP level 2. HP: 22/23 MP: 5/5
   838 | D:1      | Found Zarer's Antique Weapon Shop.
  2012 | D:2      | Reached XP level 3. HP: 10/28 MP: 4/7
  2206 | D:2      | Learned a level 3 spell: Vampiric Draining
  2588 | D:2      | Noticed Sigmund
  2662 | D:3      | Reached skill level 1 in Invocations
  2926 | D:3      | Reached skill level 1 in Short Blades
  2926 | D:3      | Reached skill level 1 in Long Blades
  2926 | D:3      | Reached skill level 1 in Axes
  2926 | D:3      | Reached skill level 1 in Polearms
  2926 | D:3      | Reached skill level 1 in Staves
  2926 | D:3      | Reached skill level 1 in Slings
  2926 | D:3      | Reached skill level 1 in Bows
  2926 | D:3      | Reached skill level 1 in Crossbows
  2926 | D:3      | Reached skill level 1 in Throwing
  2926 | D:3      | Reached skill level 1 in Dodging
  2926 | D:3      | Reached skill level 1 in Unarmed Combat
  2926 | D:3      | Reached skill level 1 in Evocations
  2929 | D:3      | HP: 1/28 [poisoned by a goblin]
  3092 | D:3      | Noticed Natasha
  3246 | D:3      | Killed Natasha
  3247 | D:3      | Reached XP level 4. HP: 16/34 MP: 1/8
  3564 | D:4      | Reached skill level 1 in Conjurations
  3564 | D:4      | Reached skill level 1 in Hexes
  3564 | D:4      | Reached skill level 1 in Summonings
  3564 | D:4      | Reached skill level 1 in Translocations
  3564 | D:4      | Reached skill level 1 in Transmutations
  3564 | D:4      | Reached skill level 1 in Fire Magic
  3564 | D:4      | Reached skill level 1 in Ice Magic
  3564 | D:4      | Reached skill level 1 in Air Magic
  3564 | D:4      | Reached skill level 1 in Earth Magic
  3564 | D:4      | Reached skill level 1 in Poison Magic
  3591 | D:4      | Slain by a water moccasin skeleton

Illustrated notes

Levels and vault maps discovered:
D:1:      dpeg_arrival_erosion, layout_loops_corners, serial_shops, shop
D:2:      minmay_general_purpose_star, layout_basic,
          chequers_ecumenical_altar_twisty, uniq_robin, uniq_sigmund
D:3:      layout_rooms, st_stairs_3, uniq_natasha
D:4:      layout_cave_pools, nicolae_gozag_seed_capital, fedhas_altar_3,
          zin_academy, minmay_temple_entry_grid

Skill      XL: |  1  2  3  4 |
---------------+-------------+-----
Invocations    | 1 |  1.3
Short Blades   | 1 |  1.2
Long Blades    | 1 |  1.2
Axes           | 1 |  1.2
Polearms       | 1 |  1.2
Staves         | 1 |  1.2
Slings         | 1 |  1.2
Bows           | 1 |  1.2
Crossbows      | 1 |  1.2
Throwing       | 1 |  1.2
Dodging        | 1 |  1.2
Unarmed Combat | 1 |  1.2
Evocations     | 1 |  1.2
Spellcasting   | 3 |  3.0
Conjurations   | 1 |  1.0
Hexes          | 1 |  1.0
Summonings     | 1 |  1.0
Translocations | 1 |  1.0
Transmutations | 1 |  1.0
Fire Magic     | 1 |  1.0
Ice Magic      | 1 |  1.0
Air Magic      | 1 |  1.0
Earth Magic    | 1 |  1.0
Poison Magic   | 1 |  1.0
Fighting       | |  2.8
Maces & Flails | |  4.7
Armour         | |  4.7
Stealth        | |  2.6
Shields        | |  2.8
Necromancy     | |  3.9

Action                   |  1- 3 |  4- 6 || total
-------------------------+-------+-------++-------
Melee: Club              |   145 |    52 ||   197
       Bite              |    14 |     6 ||    20
 Cast: Pain              |    19 |       ||    19
       Vampiric Draining |     4 |       ||     4
  Use: Potion            |     2 |     2 ||     4
       Scroll            |     2 |       ||     2
 Stab: Sleeping          |     9 |       ||     9
Armor: Robe              |    45 |    24 ||    69
Dodge: Dodged            |   104 |    62 ||   166
Block: Buckler           |       |    21 ||    21

Table legend: (Time is in decaauts)
 A = Elapsed time spent in this place.
 B = Non-inter-level travel time spent in this place.
 C = Inter-level travel time spent in this place.
 D = Time resting spent in this place.
 E = Time spent auto-exploring this place.
 F = Levels seen in this place.
 G = Mean time per level.
                   A        B        C        D        E       F      G
               +--------+--------+--------+--------+--------+-----+--------+
         Total |   3621 |   3570 |     51 |    920 |   1992 |   4 |  905.2 |
       Dungeon |   3621 |   3570 |     51 |    920 |   1992 |   4 |  905.2 |
               +--------+--------+--------+--------+--------+-----+--------+

Top non-repeatable levels by time:
     D:1: 1992 daAuts
     D:3: 913 daAuts
     D:2: 668 daAuts
     D:4: 47 daAuts
